 Dungeon Crawl Stone Soup version 0.26-a0-86-gd5eb6995ac (webtiles) character file.

Game seed: 3361575066955651053

24938 PantasTheDank the Basher (level 12, -2/108 HPs)
             Began as a Minotaur Abyssal Knight on June 21, 2020.
             Was an Elder of Lugonu.
             Slain by a salamander
             ... wielding a +0 trident
              (9 damage)
             ... on level 1 of the Snake Pit.
             The game lasted 01:31:24 (15613 turns).

PantasTheDank the Basher (Minotaur Abyssal Knight) Turns: 15613, Time: 01:31:24

Health: -2/108     AC: 21    Str: 21    XL:     12   Next: 85%
Magic:  9/13       EV: 11    Int:  9    God:    Lugonu [****..]
Gold:   575        SH: 15    Dex: 17    Spells: 8/11 levels left

rFire    . . .     SeeInvis +   q - +6 mace of the Hills {speed, +Fly rC- MR+++ SInv}
rCold    x . .     Gourm    .   y - +2 kite shield {AC+3}
rNeg     . . .     Faith    .   j - +0 chain mail
rPois    +         Spirit   .   (helmet restricted)
rElec    .         Reflect  .   x - +2 cloak
rCorr    .         Harm     .   L - +0 pair of gloves
MR       +++..                  i - +0 pair of boots
Stlth    ..........             (no amulet)
HPRegen  0.28/turn              N - ring of poison resistance
MPRegen  0.13/turn              s - +6 ring of dexterity

@: lethally poisoned (-2 -> -6), about to teleport
A: retaliatory headbutt, horns 2, camouflage 1, wild magic 1
a: Depart the Abyss, Bend Space, Banish, Corrupt, Renounce Religion, Evoke
Flight


You were on level 1 of the Snake Pit.
You worshipped Lugonu.
Lugonu was greatly pleased with you.
You were hungry.

You visited 3 branches of the dungeon, and saw 13 of its levels.
You visited the Abyss 1 time.

You collected 799 gold pieces.
You spent 224 gold pieces at shops.

Inventory:

Hand Weapons
 q - the +6 mace of the Hills (weapon) {speed, +Fly rC- MR+++ SInv}
   (You bought it in a shop on level 4 of the Dungeon)

   Attacks with this weapon are significantly faster.
   It makes you vulnerable to cold.
   It affects your resistance to hostile enchantments.
   It lets you see invisible.
   It lets you fly.
Armour
 e - a +0 pair of gloves
 i - a +0 pair of boots (worn)
 j - a +0 chain mail (worn)
 v - a +0 tower shield
 x - a +2 cloak (worn)
 y - a +2 kite shield of protection (worn)
 L - a +0 pair of gloves (worn)
Jewellery
 n - an uncursed ring of protection from fire
 s - a +6 ring of dexterity (right hand)
 N - a ring of poison resistance (left hand)
Wands
 k - a wand of random effects (1)
 l - a wand of paralysis (9)
 m - a wand of enslavement (1)
 r - a wand of polymorph (11)
 G - a wand of flame (17)
 I - a wand of iceblast (6)
Scrolls
 a - 2 scrolls of amnesia
 b - 7 scrolls of remove curse
 d - 3 scrolls of enchant weapon
 h - 3 scrolls of identify
 o - a scroll of teleportation
 w - 2 scrolls of enchant armour
 B - a scroll of fog
 E - a scroll of fear
 F - a scroll of acquirement
 J - a scroll of blinking {unknown}
Potions
 g - 2 potions of invisibility
 p - 2 potions of might
 t - 3 potions of lignification
 u - 4 potions of brilliance
 z - 2 potions of haste
 C - 2 potions of stabbing
 D - a potion of cancellation
 H - 2 potions of ambrosia
Miscellaneous
 A - a lightning rod (4/4)
Comestibles
 c - 18 rations


   Skills:
 + Level 10.8 Fighting
 + Level 14.2 Maces & Flails
 + Level 11.4 Armour
 + Level 6.1 Dodging
 + Level 2.3 Stealth
 + Level 12.0 Shields
 + Level 0.1 Spellcasting
 + Level 0.8 Hexes
 + Level 3.9 Invocations
 + Level 2.7 Evocations


You had 8 spell levels left.
You knew the following spells:

 Your Spells              Type           Power        Failure   Level  Hunger
a - Corona                Hex            #......      97%         1    ##.....
b - Animate Skeleton      Necr           N/A          99%         1    ##.....
c - Apportation           Tloc           #.....       99%         1    ##.....

Your spell library contained the following spells:

 Spells                   Type           Power        Failure   Level  Hunger
 Summon Small Mammal      Summ           #...         99%         1    ##.....


Dungeon Overview and Level Annotations

Branches:
Dungeon (8/15)             Temple (0/1) D:5            Lair (4/6) D:8
  Swamp (0/4) Lair:4        Snake (1/4) Lair:4

Altars:
Ashenzari
Fedhas
Makhleb
Ru
Xom
The Shining One

Shops:
D:4 (   D:7 (

Annotations:
D:6 1 runed translucent door
D:7 corrupted
Lair:2 corrupted


Innate Abilities, Weirdness & Mutations

You reflexively headbutt those who attack you in melee.
You have a pair of horns on your head.
Your skin changes colour to match your surroundings (Stealth+).
Your spells are a little harder to cast, but a little more powerful.


Message History

The naga mage casts a spell at you. The poison arrow hits you!
You are more poisoned.
You partially resist.
* * * LOW HITPOINT WARNING * * *
Press: ? - help, Shift-Dir - straight line, f - naga mage, p - salamander
Aim: a naga mage, wielding a +0 halberd (chance to defeat MR: 50%)
The naga mage resists with significant effort.
You are feeling hungry.
You feel sick.
The salamander hits you with a +0 trident.
* * * LOW HITPOINT WARNING * * *
You are engulfed in flames!
* * * LOW HITPOINT WARNING * * *
Okay, then.
Okay, then.
As you read the scroll of teleportation, it crumbles to dust.
You feel strangely unstable.
The salamander hits you with a +0 trident!
You die...

##........##.# #........#.#
#...^.....# #N........#
##.........#
#######..........#
#..............####
##.)..N........# .##
#..†..@.....)###...
#.#.........## #.#
...##.....##.###..#
#....##...#.#..##...#
......#######.....#..####
.......# #....#......#
.........#####.###......#.##
...........##.# ##....##..#
.........#....## #...## ..#


You could see a salamander and a naga mage.

Vanquished Creatures
  Harold (D:7)
  2 hydras (Lair:3)
  4 anacondas (Snake:1)
  3 death yaks (D:8)
  2 naga ritualists (Snake:1)
  3 mana vipers (Snake:1)
  2 salamanders (Snake:1)
  A guardian serpent (Snake:1)
  Joseph (D:7)
  A naga mage (Snake:1)
  8 black mambas (Snake:1)
  4 spiny frogs
  Maggie (D:7)
  A rime drake (Lair:1)
  4 komodo dragons
  2 ice devils (Lair:2)
  The ghost of Error4North the Chopper, an amateur MiGl (D:5)
  Grinder (D:3)
  4 blink frogs (Lair:2)
  Edmund (D:6)
  A bog body (Lair:4)
  3 hippogriffs
  Eustachio (D:4)
  4 yaks (Lair:3)
  A steam dragon (Lair:4)
  Menkaure (D:5)
  4 nagas (Snake:1)
  9 water moccasins
  5 porcupines
  Duvessa (D:6)
  An orc warrior (D:7)
  2 phantoms
  An ice beast (D:6)
  A black bear (D:8)
  11 wolves
  3 centaurs
  5 crocodiles
  5 bullfrogs
  Dowan (D:6)
  3 scorpions
  4 howler monkeys
  2 crimson imps
  A jelly (D:6)
  2 hounds
  8 orc priests
  Crazy Yiuf (D:6)
  Jessica (D:3)
  A centaur skeleton (D:4)
  Ijyb (D:4)
  Terence (D:3)
  5 orc wizards
  6 worker ants
  A killer bee zombie (D:8)
  A hound zombie (D:5)
  A hound skeleton (D:4)
  8 gnolls (D:4)
  10 adders
  A howler monkey skeleton (D:6)
  2 shadow imps
  An ooze (D:5)
  3 worms
  3 dart slugs
  4 leopard geckos
  31 orcs
  3 ball pythons
  3 giant cockroaches
  10 goblins
  6 hobgoblins
  9 jackals
  5 quokkas
  8 bats
  9 frilled lizards
  A jackal skeleton (D:4)
  9 kobolds
  A quokka skeleton (D:5)
  7 rats
  6 fungi
286 creatures vanquished.

Vanquished Creatures (collateral kills)
  Blork the orc (D:6)
1 creature vanquished.

Vanquished Creatures (others)
  A hydra (Lair:2)
  A crimson imp (D:7)
  An orc priest (D:7)
  An orc wizard (D:7)
  A hound skeleton (D:4)
  2 orcs (D:5)
  3 fungi
  5 plants
15 creatures vanquished.

Grand Total: 302 creatures vanquished

Notes
Turn   | Place    | Note
-------+----------+-------------------------------------------
     0 | Abyss:1  | PantasTheDank the Minotaur Abyssal Knight began the quest
                  | for the Orb.
     0 | Abyss:1  | Reached XP level 1. HP: 19/19 MP: 1/1
    62 | Abyss:1  | Noticed a worldbinder
    63 | D:1      | Escaped the Abyss
    96 | D:1      | Found a shattered altar of Ashenzari.
   276 | D:1      | Reached XP level 2. HP: 18/27 MP: 2/2
   277 | D:1      | Reached * piety under Lugonu
   283 | D:1      | Reached skill level 3 in Maces & Flails
  1210 | D:2      | Reached XP level 3. HP: 33/33 MP: 3/3
  1326 | D:2      | Reached XP level 4. HP: 30/41 MP: 4/4
  1855 | D:3      | Reached ** piety under Lugonu
  1874 | D:3      | Noticed Grinder
  1877 | D:3      | Paralysed by Grinder for 2 turns
  1884 | D:3      | Paralysed by Grinder for 7 turns
  1897 | D:3      | Paralysed by Grinder for 4 turns
  1905 | D:3      | Paralysed by Grinder for 6 turns
  1912 | D:3      | Killed Grinder
  1912 | D:3      | Reached skill level 5 in Fighting
  1912 | D:3      | Reached skill level 5 in Maces & Flails
  1912 | D:3      | Reached XP level 5. HP: 37/48 MP: 5/5
  1912 | D:3      | Reached XP level 6. HP: 43/56 MP: 6/6
  2081 | D:3      | Noticed Terence
  2087 | D:3      | Killed Terence
  2138 | D:3      | Noticed Jessica
  2165 | D:3      | Killed Jessica
  3257 | D:4      | Found Ciosid's Antique Weapon Shop.
  3264 | D:4      | Noticed Ijyb
  3265 | D:4      | Reached XP level 7. HP: 56/63 MP: 7/7
  3279 | D:4      | Killed Ijyb
  3279 | D:4      | Reached skill level 6 in Maces & Flails
  3289 | D:4      | Gained mutation: Your spells are a little harder to cast,
                  | but a little more powerful. [potion of mutation]
  3289 | D:4      | Gained mutation: Your skin changes colour to match your
                  | surroundings (Stealth+). [potion of mutation]
  3459 | D:4      | Reached skill level 1 in Shields
  3527 | D:4      | Noticed Eustachio
  3577 | D:4      | Killed Eustachio
  3902 | D:4      | Reached *** piety under Lugonu
  3998 | D:4      | Found a blossoming altar of Fedhas.
  3998 | D:4      | Found a sacrificial altar of Ru.
  4655 | D:5      | Entered Level 5 of the Dungeon
  4702 | D:5      | Reached XP level 8. HP: 63/70 MP: 8/8
  4770 | D:5      | Noticed Menkaure
  4780 | D:5      | Killed Menkaure
  4780 | D:5      | Reached skill level 7 in Maces & Flails
  4781 | D:5      | Reached skill level 5 in Shields
  4893 | D:5      | Found a runed translucent gate.
  4893 | D:5      | Found a runed translucent gate.
  4898 | D:5      | Noticed Error4North's ghost (amateur MiGl)
  4900 | D:5      | Found a runed translucent gate.
  4931 | D:5      | Killed Error4North's ghost
  4931 | D:5      | Reached skill level 5 in Armour
  5184 | D:5      | Found a staircase to the Ecumenical Temple.
  5244 | D:5      | Found a burning altar of Makhleb.
  5245 | D:5      | Found a shimmering altar of Xom.
  6130 | D:4      | Bought a masterwork mace for 224 gold pieces
  6130 | D:4      | Identified the +6 mace of the Hills {speed, +Fly rC- MR+++
                  | SInv} (You bought it in a shop on level 4 of the Dungeon)
  6245 | D:6      | Found a glowing golden altar of the Shining One.
  6246 | D:6      | Found a runed translucent door.
  6246 | D:6      | Noticed an angel
  6340 | D:6      | Got a spiked leather armour
  6463 | D:6      | Noticed Dowan
  6465 | D:6      | Noticed Duvessa
  6481 | D:6      | Killed Duvessa
  6481 | D:6      | Reached skill level 8 in Maces & Flails
  6489 | D:6      | Killed Dowan
  6489 | D:6      | Reached XP level 9. HP: 58/78 MP: 9/9
  6538 | D:6      | Reached **** piety under Lugonu
  6713 | D:6      | Reached skill level 1 in Stealth
  6914 | D:6      | Reached skill level 1 in Evocations
  6924 | D:6      | Noticed Blork the orc
  6925 | D:6      | Noticed Edmund
  6944 | D:6      | Killed Blork the orc
  7000 | D:6      | Killed Edmund
  7266 | D:6      | Found a runed translucent door.
  7267 | D:6      | Noticed Crazy Yiuf
  7274 | D:6      | Killed Crazy Yiuf
  7753 | D:7      | Corrupted D:7
  7753 | D:7      | Noticed an apocalypse crab
  7758 | D:7      | Noticed a sun demon
  7880 | D:7      | Noticed a thrashing horror
  7910 | D:7      | Noticed Maggie
  7925 | D:7      | Killed Maggie
  7925 | D:7      | Reached skill level 9 in Maces & Flails
  8168 | D:7      | Noticed Joseph
  8188 | D:7      | Noticed Harold
  8589 | D:7      | Found Quonk's Weapon Shop.
  8640 | D:7      | Killed Joseph
  8972 | D:7      | Killed Harold
  8972 | D:7      | Reached skill level 10 in Maces & Flails
  8972 | D:7      | Reached XP level 10. HP: 64/88 MP: 11/11
  9375 | D:8      | Noticed a death yak
  9377 | D:8      | Found a staircase to the Lair.
  9377 | D:8      | Noticed a death yak
  9377 | D:8      | Noticed a death yak
  9392 | D:8      | Killed a death yak
  9419 | D:8      | Killed a death yak
  9420 | D:8      | Reached skill level 11 in Maces & Flails
  9434 | D:8      | HP: 5/133 [death yak (12)]
  9868 | D:8      | Killed a death yak
 10168 | Lair:1   | Entered Level 1 of the Lair of Beasts
 10472 | Lair:1   | You fall into a shaft and drop 1 floor!
 10573 | Lair:1   | Noticed a spiny frog
 10580 | Lair:1   | Killed a spiny frog
 10580 | Lair:1   | Reached XP level 11. HP: 95/95 MP: 12/12
 10632 | Lair:1   | Reached skill level 5 in Dodging
 10778 | Lair:1   | Learned a level 1 spell: Corona
 10789 | Lair:1   | Learned a level 1 spell: Animate Skeleton
 10791 | Lair:1   | Learned a level 1 spell: Apportation
 11040 | Lair:2   | Reached skill level 12 in Maces & Flails
 11142 | Lair:2   | Noticed an eight-headed hydra
 11145 | Lair:2   | Corrupted Lair:2
 11145 | Lair:2   | Noticed a large abomination
 11145 | Lair:2   | Noticed a thrashing horror
 11148 | Lair:2   | Noticed a lich
 11155 | Lair:2   | Killed an eight-headed hydra
 11192 | Lair:2   | Identified a scroll of acquirement
 12514 | Lair:3   | Noticed a four-headed hydra
 12548 | Lair:3   | Killed a four-headed hydra
 12857 | Lair:3   | Reached skill level 10 in Armour
 13165 | Lair:3   | Noticed a five-headed hydra
 13492 | Lair:3   | Killed a five-headed hydra
 13492 | Lair:3   | Reached skill level 10 in Shields
 13959 | Lair:4   | Reached skill level 13 in Maces & Flails
 14257 | Lair:4   | Reached XP level 12. HP: 106/106 MP: 13/13
 14389 | Lair:4   | Found a staircase to the Swamp.
 14412 | Lair:4   | Found a staircase to the Snake Pit.
 14462 | Snake:1  | Entered Level 1 of the Snake Pit
 14462 | Snake:1  | Noticed an anaconda
 14474 | Snake:1  | Killed an anaconda
 14507 | Snake:1  | Noticed an anaconda
 14525 | Snake:1  | Killed an anaconda
 14525 | Snake:1  | Reached skill level 10 in Fighting
 14576 | Snake:1  | Noticed an anaconda
 14587 | Snake:1  | Killed an anaconda
 15034 | Snake:1  | Noticed an anaconda
 15055 | Snake:1  | Killed an anaconda
 15385 | Snake:1  | Reached skill level 14 in Maces & Flails
 15613 | Snake:1  | Slain by a salamander

Illustrated notes

Levels and vault maps discovered:
D:1:      lemuel_arrival_funnel, layout_rooms, ashenzari_altar_1
D:2:      layout_rooms, first_ration
D:3:      layout_basic, lemuel_old_faithful, uniq_terence, uniq_jessica,
          uniq_grinder
D:4:      layout_cave_pods, grunt_temple_overflow_open, serial_shops,
          nicolae_shop_temple_entry_statues_fountains, uniq_eustachio, uniq_ijyb
D:5:      layout_cave_pods, grunt_temple_overflow_champion_of_chaos,
          minmay_temple_entry_glass, ebering_ghost_rock_garden, uniq_menkaure
D:6:      layout_cave_pods, nrook_mini_vaults, lemuel_angel_altar,
          uniq_blork_the_orc, uniq_edmund, uniq_crazy_yiuf_cottage, uniq_duvessa
D:7:      layout_basic, serial_shops, nicolae_shop_window_shopping,
          dk_vineyard_3, uniq_harold, uniq_joseph, uniq_maggie
D:8:      layout_loops_ring, dpeg_lair_monsters, grunt_livestock
Lair:1:   layout_long_grid
Lair:2:   layout_loops_ring, portal_ice_cave_demonic_guard
Lair:3:   layout_hall_layers, serial_bayou_shore_a, lemuel_fruit_tree,
          lemuel_fruit_fields
Lair:4:   layout_regular_city, skrybe_swamp_entry_bodies,
          minmay_snake_entry_spellcaster
Snake:1:  layout_chambers, grunt_megastairs_2, minmay_shop_grove

Skill      XL: |  1  2  3  4  5  6  7  8  9 10 11 12 |
---------------+-------------------------------------+-----
Maces & Flails | 3 5 6 8 10 11 13 14 | 14.2
Fighting       | 4 5 6 7 8 9 10 | 10.8
Dodging        | 2 3 4 5 6 |  6.1
Armour         | 3 4 6 7 8 10 11 | 11.4
Shields        | 4 6 8 9 10 12 | 12.0
Invocations    | 2 3 |  3.9
Stealth        | 1 2 |  2.3
Evocations     | 1 2 |  2.7
Spellcasting   | |  0.1
Hexes          | |  0.8

Action                   |  1- 3 |  4- 6 |  7- 9 | 10-12 || total
-------------------------+-------+-------+-------+-------++-------
Melee: Mace              |    79 |   128 |   383 |   656 ||  1246
       Headbutt          |     5 |    22 |    99 |   151 ||   277
Invok: Depart the Abyss  |     1 |       |       |       ||     1
       Bend Space        |       |       |     8 |     3 ||    11
       Corrupt           |       |       |     1 |     1 ||     2
       Banish            |       |       |       |     1 ||     1
 Abil: Evoke Flight      |       |       |     3 |     2 ||     5
Evoke: Wand              |       |     1 |    12 |    21 ||    34
  Use: Potion            |     6 |     3 |    16 |    12 ||    37
       Scroll            |     3 |     3 |     8 |    16 ||    30
 Stab: Sleeping          |       |       |       |     1 ||     1
  Eat: Chunk             |     1 |     6 |     5 |     3 ||    15
       Ration            |       |     1 |     4 |     5 ||    10
Armor: Leather armour    |     7 |       |       |       ||     7
       Ring mail         |    13 |       |       |       ||    13
       Chain mail        |       |    95 |   218 |   122 ||   435
       Skin              |       |       |       |     3 ||     3
Dodge: Dodged            |    77 |    61 |    67 |   108 ||   313
Block: Tower shield      |       |    10 |   302 |       ||   312
       Kite shield       |       |       |    16 |   314 ||   330

Table legend:
 A = Non-vault XP
 B = Vault XP
 C = Vault XP percentage of total XP
 D = Non-vault monster count
 E = Vault monster count
 F = Vault count percentage of total count
                 A         B        C        D         E       F
            +---------+---------+-------+---------+---------+-------
      Total |   28166 |    7461 |  20.9 |     259 |      25 |   8.8
            +---------+---------+-------+---------+---------+-------
        D:1 |      32 |       0 |   0.0 |      20 |       0 |   0.0
        D:2 |      89 |       0 |   0.0 |      27 |       0 |   0.0
        D:3 |     167 |     359 |  68.3 |      25 |       3 |  10.7
        D:4 |     500 |     238 |  32.2 |      31 |       2 |   6.1
        D:5 |     400 |     535 |  57.2 |      27 |       3 |  10.0
        D:6 |     514 |     602 |  53.9 |      13 |       5 |  27.8
        D:7 |     713 |    1873 |  72.4 |      17 |       3 |  15.0
        D:8 |     606 |    2916 |  82.8 |      18 |       6 |  25.0
     Lair:1 |    2557 |       0 |   0.0 |      12 |       0 |   0.0
     Lair:2 |    2338 |     676 |  22.4 |      10 |       2 |  16.7
     Lair:3 |    4975 |       0 |   0.0 |      19 |       0 |   0.0
     Lair:4 |    2334 |     262 |  10.1 |      15 |       1 |   6.2
    Snake:1 |   12941 |       0 |   0.0 |      25 |       0 |   0.0
            +---------+---------+-------+---------+---------+-------
